 Dungeon Crawl Stone Soup version 0.32-a0-329-ge6c31236d6 (webtiles) character file.

Game seed: 2531847035014362567

153 timneilson the Ruffian (level 5, -2/35 HPs)
             Began as an Octopode Shapeshifter on Feb 16, 2024.
             Slain by a gnoll
             ... wielding a +0 short sword
              (7 damage)
             ... on level 3 of the Dungeon.
             The game lasted 00:03:42 (1474 turns).

timneilson the Ruffian (Octopode Shapeshifter)      Turns: 1474, Time: 00:03:42

Health: -2/35      AC:  1    Str: 15    XL:     5   Next: 35%
Magic:  5/5        EV: 13    Int: 13    God:
Gold:   1076       SH:  0    Dex: 11    Spells: 4/4 levels left

rFire   . .          .
                       - Unarmed
rCold   + . .        (no shield)
rNeg    . . .        (helmet currently unavailable)
rPois   .            (no amulet)
rElec   .            j - ring of protection from cold
rCorr   .            (no ring)
SInv    .            (no ring)
Will    .....        (no ring)
Stlth   +++          (no ring)
HPRegen 0.25/turn    (no ring)
MPRegen 0.09/turn    (no ring)
                     (no ring)

%: no passive effects
@: beast-form
A: beast (slay +2), almost no armour, amphibious, 8 rings, camouflage 1,
gelatinous body 1, (nimble swimmer 1), tentacles
a: Begin Untransformation


You were on level 3 of the Dungeon.
You were a hulking beast.
You visited 1 branch of the dungeon, and saw 3 of its levels.

You collected 1076 gold pieces.

Inventory:

Jewellery
 j - a ring of protection from cold (left tentacle)
Talismans
 b - a beast talisman (active)
 c - a flux talisman
Scrolls
 e - 2 scrolls of teleportation
 g - a scroll of enchant weapon {unknown}
Potions
 a - a potion of lignification
 d - 2 potions of curing
 f - a potion of heal wounds
 i - 2 potions of enlightenment
 k - a potion of magic {unknown}


   Skills:
 * Level 2.4 Fighting
 * Level 3.0 Dodging
 + Level 2.0 Stealth
 * Level 3.8 Unarmed Combat
 * Level 3.6 Shapeshifting


You had 4 spell levels left.
You didn't know any spells.
Your spell library was empty.

Dungeon Overview and Level Annotations

Branches:
Dungeon (3/15)

Altars:
Ru

Shops:
D:2 ?


Innate Abilities, Weirdness & Mutations

You are a hulking beast.
Your limbs bulge with bestial killing power. (Slay +2)
You cannot wear most types of armour.
You are amphibious.
You can wear up to eight rings at the same time.
Your skin changes colour to match your surroundings (Stealth+).
Your rubbery body absorbs attacks. (AC +1, EV +1)
((You are camouflaged when in or above water. (Stealth+)))
You have tentacles for arms and can constrict up to eight enemies at once.


Message History

You squeeze the adder.
The adder is almost dead.
You constrict the adder, but do no damage.
The adder closely misses you.
You tentacle-slap the adder.
You kill the adder!
Your Stealth skill increases to level 2!
You enter the deep water.
Found a dagger.
There is a sacrificial altar of Ru here.
You enter the deep water.
A frilled lizard comes into view.
The helpless frilled lizard fails to defend itself.
You tentacle-slap the frilled lizard.
You kill the frilled lizard!
Found a club.
You see here a frilled lizard corpse.
A gnoll comes into view.
It is wielding a +0 flail and quivering silver javelins.
Found a whip.
Found a falchion.
The gnoll throws a silver javelin.
The silver javelin pierces through you!
A gnoll comes into view.
It is wielding a +0 sling and quivering a throwing net.
A gnoll comes into view.
It is wielding a +0 short sword and quivering a throwing net.
The gnoll shouts!
You hear a shout!
The gnoll throws a throwing net.
The throwing net barely misses you.
The gnoll shoots a sling bullet.
The sling bullet misses you.
You see here a throwing net.
You see here a frilled lizard corpse.
You barely miss the gnoll. You grab the gnoll.
You constrict the gnoll, but do no damage.
The gnoll hits you with a +0 flail!
You tentacle-slap the gnoll.
The gnoll is heavily wounded.
You constrict the gnoll. The gnoll hits you with a +0 flail!
* * * LOW HITPOINT WARNING * * *
You tentacle-slap the gnoll.
You kill the gnoll!
You tentacle-slap the gnoll. Your grab misses the gnoll. You squeeze the gnoll.
The gnoll is heavily wounded.
The gnoll hits you with a +0 short sword!
You die...

#. #### ... #..#########.#
##.#..≈≈≈≈≈..#
####..#.≈.....≈.#
#.....#.≈.≈≈≈.≈.#
#.##.##.≈≈...≈≈.# #
###.##.##.≈≈._.≈≈.# ..
#####..ggh.##.≈≈...≈≈.# ..
#.......#####.≈.≈≈≈.≈.# #.
#........####.≈.....≈.# #.
#..##.....g.#).≈≈≈≈≈..###.
#. #.).#.##..#########.##.
# #.#.#.###.g.. #......
.....#.# #.........####.
).......# .....#.. ###.
##...#### .....#. #...


You could see 2 gnolls.

Vanquished Creatures
  4 adders
  A gnoll (D:3)
  5 dart slugs
  3 orcs (D:3)
  5 ball pythons
  7 endoplasms
  2 giant cockroaches (D:1)
  3 goblins (D:2)
  3 hobgoblins
  5 quokkas
  9 bats
  4 frilled lizards
  3 kobolds
  A rat (D:2)
55 creatures vanquished.

Notes
Turn   | Place    | Note
-------+----------+-------------------------------------------
     0 | D:1      | timneilson the Octopode Shapeshifter began the quest for
                  | the Orb.
     0 | D:1      | Reached XP level 1. HP: 13/13 MP: 1/1
     6 | D:1      | Noticed a lindwurm
     6 | D:1      | Noticed a rime drake
     6 | D:1      | Noticed a polar bear
     7 | D:1      | Noticed a hog
     7 | D:1      | Noticed a mana viper
   103 | D:1      | Reached XP level 2. HP: 17/18 MP: 2/2
   152 | D:1      | You fall into a shaft and drop 1 floor!
   155 | D:2      | Found Laiptummio's Magic Scroll Shoppe.
   186 | D:2      | Reached skill level 1 in Stealth
   186 | D:2      | Reached XP level 3. HP: 20/23 MP: 3/3
   592 | D:1      | Identified a scroll of acquirement
   592 | D:1      | Acquired 938 gold pieces
   664 | D:2      | Reached XP level 4. HP: 20/29 MP: 4/4
  1226 | D:3      | Reached XP level 5. HP: 19/34 MP: 5/5
  1435 | D:3      | Found a sacrificial altar of Ru.
  1474 | D:3      | Slain by a gnoll

Illustrated notes

Levels and vault maps discovered:
D:1:      onia_arrival_zoo_common, layout_rooms
D:2:      layout_rooms, serial_shops, nicolae_shop_trees
D:3:      layout_loops_cross, mainiacjoe_overflow_alcove_2,
          mainiacjoe_overflow_paths

Skill      XL: |  1  2  3  4  5 |
---------------+----------------+-----
Stealth        | 1 2 |  2.0
Fighting       | 2 |  2.4
Dodging        | 3 |  3.0
Unarmed Combat | |  3.8
Shapeshifting  | |  3.6

Action                     |  1- 3 |  4- 6 || total
---------------------------+-------+-------++-------
  Melee: Unarmed           |    41 |    56 ||    97
         Tentacles         |     6 |    10 ||    16
         Constrict         |     9 |    15 ||    24
         Punch             |     1 |     1 ||     2
    Use: Scroll            |     3 |     5 ||     8
   Stab: Sleeping          |     6 |     8 ||    14
 Armour: Skin              |    21 |    29 ||    50
  Dodge: Dodged            |    23 |    35 ||    58

Table legend: (Time is in decaauts)
 A = Elapsed time spent in this place.
 B = Non-inter-level travel time spent in this place.
 C = Inter-level travel time spent in this place.
 D = Time resting spent in this place.
 E = Time spent auto-exploring this place.
 F = Levels seen in this place.
 G = Mean time per level.
                   A        B        C        D        E       F      G
               +--------+--------+--------+--------+--------+-----+--------+
         Total |   1466 |   1433 |     33 |     19 |    966 |   3 |  488.7 |
       Dungeon |   1466 |   1433 |     33 |     19 |    966 |   3 |  488.7 |
               +--------+--------+--------+--------+--------+-----+--------+

Top non-repeatable levels by time:
     D:2: 620 daAuts
     D:1: 558 daAuts
     D:3: 287 daAuts
